 Dungeon Crawl Stone Soup version 0.26.0-16-gc1dbca0489 (webtiles) character file.

Game seed: 6101454418831919336

27611 zcampers the Severer (level 13, -9/119 HPs)
             Began as a Minotaur Berserker on Jan 21, 2021.
             Was a High Priest of Trog.
             Killed from afar by a deep elf mage (33 damage)
             ... with a bolt of magma
             ... on level 14 of the Dungeon.
             The game lasted 00:31:54 (14088 turns).

zcampers the Severer (Minotaur Berserker)          Turns: 14088, Time: 00:31:54

Health: -9/119     AC: 20    Str: 22    XL:     13   Next: 5%
Magic:  12/12      EV: 15    Int:  8    God:    Trog [*****.]
Gold:   898        SH:  0    Dex: 13    Spells: 12/12 levels left

rFire    . . .     SeeInvis .   y - +6 battleaxe of Sisux {vorpal, rPois}
rCold    . . .     Faith    .   (shield currently unavailable)
rNeg     . . .     Spirit   .   k - +2 shadow dragon scales
rPois    +         Reflect  .   (helmet restricted)
rElec    .         Harm     .   i - +0 cloak
rCorr    .         Rampage  .   v - +0 pair of gloves
Will     .....                  (no boots)
Stlth    ++++++....             a - amulet of regeneration (curse)
HPRegen  0.69/turn              z - ring of stealth
MPRegen  0.13/turn              C - ring "Wetz" {EV+4 Stlth+}

@: about to teleport, slowed, very slow
A: retaliatory headbutt, horns 2, agile 1, wild magic 1
a: Renounce Religion, Berserk, Trog's Hand, Brothers in Arms


You were on level 14 of the Dungeon.
You worshipped Trog.
Trog was extremely pleased with you.
You visited 1 branch of the dungeon, and saw 14 of its levels.
You also visited: Sewer.

You collected 1039 gold pieces.
You spent 141 gold pieces at shops.

Inventory:

Hand Weapons
 b - a +1 morningstar
 t - a +1 war axe of flaming
 y - the +6 battleaxe of Sisux (weapon) {vorpal, rPois}
   (Trog gifted it to you on level 10 of the Dungeon)

   It inflicts extra damage upon your enemies.
   It protects you from poison.
Missiles
 e - 10 boomerangs (quivered)
Armour
 i - a +0 cloak (worn)
 k - +2 shadow dragon scales (worn)
 v - a +0 pair of gloves (worn)
Jewellery
 a - a cursed amulet of regeneration (around neck)
 j - an uncursed ring of fire
 m - an uncursed ring of resist corrosion
 z - a ring of stealth (left hand)
 C - the ring "Wetz" (right hand) {EV+4 Stlth+}
   (You found it on level 11 of the Dungeon)

   [ring of evasion]

   It affects your evasion (+4).
   It makes you more stealthy.
Wands
 g - a wand of acid (7)
 l - a wand of enslavement (6)
 q - a wand of random effects (15)
 A - a wand of iceblast (5)
 E - a wand of digging (7)
 F - a wand of polymorph (8)
Scrolls
 c - 6 scrolls of identify
 d - 11 scrolls of remove curse
 f - 4 scrolls of fear
 n - 5 scrolls of teleportation
 r - 3 scrolls of blinking
 u - 2 scrolls of fog
 G - a scroll of magic mapping
Potions
 h - 10 potions of curing
 o - a potion of invisibility
 p - 3 potions of flight
 s - 3 potions of heal wounds
 w - 2 potions of might
 x - a potion of ambrosia
 B - 3 potions of haste


   Skills:
 + Level 12.3 Fighting
 + Level 0.5 Short Blades
 + Level 16.8(16.9) Axes
 + Level 1.0(11.4) Maces & Flails
 + Level 0.9 Throwing
 + Level 12.3 Armour
 + Level 6.0 Dodging
 + Level 5.8 Stealth
 + Level 0.7 Evocations


You had 12 spell levels left.
You didn't know any spells.
Your spell library was empty.

Dungeon Overview and Level Annotations

Branches:
Dungeon (14/15)            Temple (0/1) D:6            Lair (0/6) D:11
    Orc (0/2) D:10         Vaults (0/5) D:13          Sewer (visited)

Altars:
Cheibriados
Elyvilon
Kikubaaqudgha
Ru
Sif Muna
Trog
Zin
The Shining One
Beogh

Shops:
D:10 *


Innate Abilities, Weirdness & Mutations

You reflexively headbutt those who attack you in melee.
You have a pair of horns on your head.
You are agile. (Dex +2)
Your spells are a little harder to cast, but a little more powerful.


Message History

The cyclops throws a large rock.
The large rock hits you!!
The deep elf mage mumbles some strange words.
The deep elf mage blinks!
The freezing wraith hits you but does no damage.
The freezing wraith hits you.
You see here a ring of fire.
The freezing wraith closely misses you. The freezing wraith hits you!
The freezing wraith drains your vigour!
You feel yourself slow down. The freezing wraith hits you.
The freezing wraith freezes you!!
* * * LOW HITPOINT WARNING * * *
The freezing wraith misses you.
The deep elf mage gestures at you while chanting.
The stone arrow hits you but does no damage.
The freezing wraith misses you.
The freezing wraith hits you but does no damage.
As you read the scroll of teleportation, it crumbles to dust.
You feel strangely unstable. The deep elf mage casts a spell at you.
The bolt of magma hits you!!
You die...

###### #### .....# ..#
############ ###### #.#
#.....[..... )....#
#.####...........
####.#####.'.##.@.=.>.....
.#.#.....#..'..We....C..
##.#.#.########...........
...#.......# #...........
'########### #########+##
....# ###.......# ###.###
#...####### #...#
###'#############
#####'#######...............#


You could see a cyclops, a freezing wraith and a deep elf mage.

Vanquished Creatures
  A vault guard (D:13)
  A centaur warrior (D:13)
  A two-headed ogre (D:10)
  4 unseen horrors
  A wizard (D:13)
  A necromancer (D:13)
  A deep elf mage (D:7)
  An ugly thing (D:12)
  3 cyclopes
  A centaur zombie (D:10)
  3 gargoyles
  A yaktaur (shapeshifter) (D:13)
  4 trolls
  A hornet (D:13)
  Grinder (D:3)
  3 wyverns (D:11)
  20 yaks
  2 shadows (D:12)
  A vampire (D:11)
  A wraith (D:12)
  18 humans (D:13)
  A steam dragon (D:8)
  4 vampire mosquitoes (D:13)
  3 water moccasins (D:11)
  3 sky beasts
  5 black bears (D:11)
  7 ice beasts
  2 necrophages (D:7)
  9 orc warriors
  4 ogres
  5 phantoms
  13 centaurs
  A wolf (D:11)
  3 big kobolds
  6 bullfrogs
  A water moccasin zombie (D:9)
  2 water moccasin skeletons
  8 scorpions
  12 killer bees
  14 wights
  4 howler monkeys
  A quasit (D:12)
  2 bullfrog zombies
  2 hounds (D:9)
  6 orc priests
  4 jellies
  A bullfrog skeleton (D:12)
  2 centaur skeletons
  2 iguanas
  19 orc wizards
  3 worker ants
  A killer bee zombie (D:9)
  A hound zombie (D:5)
  A worker ant zombie (D:7)
  12 adders
  A river rat (D:3)
  A shadow imp (D:7)
  3 white imps
  2 ufetubi
  3 oozes (Sewer)
  An adder zombie (D:9)
  5 worms
  2 dart slugs
  5 leopard geckos
  90 orcs
  4 ball pythons
  7 giant cockroaches
  4 hobgoblins
  16 jackals
  16 kobolds
  4 quokkas
  14 bats
  8 frilled lizards
  10 goblins
  A jackal skeleton (D:4)
  A leopard gecko skeleton (D:5)
  A quokka skeleton (D:4)
  12 rats
445 creatures vanquished.

Vanquished Creatures (collateral kills)
  A hydra (D:12)
  A boulder beetle (D:11)
  A vault guard (D:13)
  A centaur warrior (D:11)
  A necromancer (D:13)
  A wraith (D:11)
  3 humans (D:13)
  A basilisk (D:11)
  A worker ant zombie (D:11)
11 creatures vanquished.

Vanquished Creatures (others)
  A plant (D:11)
1 creature vanquished.

Grand Total: 457 creatures vanquished

Notes
Turn   | Place    | Note
-------+----------+-------------------------------------------
     0 | D:1      | zcampers the Minotaur Berserker began the quest for the
                  | Orb.
     0 | D:1      | Reached XP level 1. HP: 19/19 MP: 0/0
    69 | D:1      | HP: 1/20 [kobold (2)]
   501 | D:1      | Reached XP level 2. HP: 27/27 MP: 1/1
   608 | D:1      | Reached skill level 4 in Axes
  1383 | D:2      | Reached XP level 3. HP: 33/33 MP: 2/2
  1444 | D:2      | Reached ** piety under Trog
  1847 | D:2      | Found a sacrificial altar of Ru.
  2262 | D:3      | Noticed Grinder
  2291 | D:3      | Killed Grinder
  2292 | D:3      | Reached skill level 5 in Axes
  2292 | D:3      | Reached skill level 1 in Stealth
  2292 | D:3      | Reached XP level 4. HP: 33/41 MP: 3/3
  2292 | D:3      | Reached XP level 5. HP: 37/47 MP: 4/4
  2500 | D:3      | Reached XP level 6. HP: 55/55 MP: 5/5
  2784 | D:3      | Found a glowing drain.
  2805 | Sewer    | Entered a sewer
  2911 | Sewer    | Reached *** piety under Trog
  4421 | D:4      | Reached skill level 6 in Axes
  4466 | D:4      | Reached skill level 5 in Fighting
  4708 | D:4      | Reached **** piety under Trog
  4709 | D:4      | Reached XP level 7. HP: 58/61 MP: 6/6
  5344 | D:5      | Entered Level 5 of the Dungeon
  5459 | D:5      | Found a shimmering blue altar of Sif Muna.
  5471 | D:5      | Identified Sif Muna's Compendium of Cold
  5478 | D:5      | Found a bloodstained altar of Trog.
  5491 | D:5      | Reached skill level 7 in Axes
  5491 | D:5      | Reached skill level 5 in Armour
  6735 | D:6      | Found a staircase to the Ecumenical Temple.
  7082 | D:6      | Reached skill level 8 in Axes
  7082 | D:6      | Reached XP level 8. HP: 70/70 MP: 7/7
  7641 | D:7      | Found a white marble altar of Elyvilon.
  7646 | D:7      | Found a snail-covered altar of Cheibriados.
  7740 | D:7      | Reached skill level 9 in Axes
  7740 | D:7      | Identified the Incunabulum of Fire and Clay
  7824 | D:7      | Noticed a deep elf mage
  7855 | D:7      | Killed a deep elf mage
  7856 | D:7      | Reached skill level 10 in Axes
  7856 | D:7      | Reached XP level 9. HP: 38/78 MP: 8/8
  8339 | D:7      | Found a glowing silver altar of Zin.
  8503 | D:8      | Reached ***** piety under Trog
  8800 | D:8      | Reached skill level 11 in Axes
  9056 | D:9      | Found an ancient bone altar of Kikubaaqudgha.
  9224 | D:9      | Found a roughly hewn altar of Beogh.
  9258 | D:9      | Reached XP level 10. HP: 21/88 MP: 9/9
  9443 | D:9      | Reached skill level 12 in Axes
  9889 | D:10     | Entered Level 10 of the Dungeon
 10221 | D:10     | Reached skill level 13 in Axes
 10225 | D:10     | Reached skill level 5 in Dodging
 10309 | D:10     | Received a gift from Trog
 10316 | D:10     | Got a shimmering battleaxe {god gift}
 10319 | D:10     | Identified the +6 battleaxe of Sisux {vorpal, rPois} (Trog
                  | gifted it to you on level 10 of the Dungeon)
 10358 | D:10     | Noticed a two-headed ogre
 10365 | D:10     | Killed a two-headed ogre
 10368 | D:10     | Reached XP level 11. HP: 82/97 MP: 10/10
 10426 | D:10     | Found a staircase to the Orcish Mines.
 10753 | D:10     | Found Riylyas's Assorted Antiques.
 10758 | D:10     | Bought a yellow potion for 21 gold pieces
 10758 | D:10     | Bought a scroll labelled OFREACUKIST for 24 gold pieces
 10758 | D:10     | Bought a potion of curing for 72 gold pieces
 10758 | D:10     | Bought a scroll labelled OFREACUKIST for 24 gold pieces
 10760 | D:10     | Gained mutation: Armour fits poorly on your strangely
                  | shaped body. [potion of mutation]
 10760 | D:10     | Gained mutation: You expend magic power (3 MP) to
                  | strengthen your wands. [potion of mutation]
 10762 | D:10     | Lost mutation: You expend magic power (3 MP) to strengthen
                  | your wands. [potion of mutation]
 10762 | D:10     | Lost mutation: Armour fits poorly on your strangely shaped
                  | body. [potion of mutation]
 10762 | D:10     | Gained mutation: You are agile. (Dex +2) [potion of
                  | mutation]
 10762 | D:10     | Gained mutation: Your spells are a little harder to cast,
                  | but a little more powerful. [potion of mutation]
 10878 | D:11     | Noticed a centaur warrior
 10898 | D:11     | Reached skill level 10 in Armour
 10900 | D:11     | Killed a centaur warrior
 10904 | D:11     | Noticed a boulder beetle
 10908 | D:11     | Killed a boulder beetle
 10918 | D:11     | Identified Jiepenu's Disquisition on Displaced Envenoming
 11020 | D:11     | Reached skill level 14 in Axes
 11072 | D:11     | Reached skill level 10 in Fighting
 11182 | D:11     | Got an ancient lapis lazuli ring
 11200 | D:11     | Found a staircase to the Lair.
 11225 | D:11     | Got a fading ring mail
 11238 | D:11     | Identified the +3 ring mail "Suofryupe" {Str+3} (You found
                  | it on level 11 of the Dungeon)
 11273 | D:11     | Received a gift from Trog
 11296 | D:11     | Killed an unseen horror
 11841 | D:12     | Reached skill level 5 in Stealth
 12007 | D:12     | Reached skill level 15 in Axes
 12063 | D:12     | Killed an unseen horror
 12076 | D:12     | Noticed a cyan ugly thing
 12086 | D:12     | Killed a cyan ugly thing
 12087 | D:12     | Reached XP level 12. HP: 88/108 MP: 11/11
 12173 | D:12     | Noticed an eight-headed hydra
 12182 | D:12     | Killed a seven-headed hydra
 12664 | D:13     | Noticed a centaur warrior
 12675 | D:13     | Killed a centaur warrior
 12954 | D:13     | Reached skill level 1 in Maces & Flails
 13288 | D:13     | Found a glowing golden altar of the Shining One.
 13373 | D:13     | Reached skill level 16 in Axes
 13661 | D:13     | Received a gift from Trog
 13696 | D:13     | Identified the ring "Wetz" {EV+4 Stlth+} (You found it on
                  | level 11 of the Dungeon)
 13754 | D:13     | Found a gate to the Vaults.
 13754 | D:13     | Noticed a vault guard
 13754 | D:13     | Noticed a vault guard
 13766 | D:13     | Killed a vault guard
 13767 | D:13     | Killed a vault guard
 13771 | D:13     | Reached XP level 13. HP: 78/118 MP: 12/12
 14088 | D:14     | Killed from afar by a deep elf mage

Illustrated notes

Levels and vault maps discovered:
D:1:      evilmike_arrival_hilbert_curve, layout_loops_ring,
          chequers_decorated_corner, minmay_box_of_dots
D:2:      layout_basic, lemuel_coloured_pillars_altar
D:3:      layout_basic, cheibrodos_sewer_entry_sluice, kennysheep_donut,
          roderic_lattice_a, uniq_grinder
D:4:      layout_gridville
D:5:      minmay_general_purpose_star, layout_layer_cave,
          nzn_overflow_gifts_of_might_and_magic
D:6:      layout_loops_ring, temple_pool_b, kennysheep_generic_room_3
D:7:      layout_basic, nicolae_overflow_hidden_temple
D:8:      layout_loops_ring
D:9:      layout_roguey [special_room_orc], basic_altar
D:10:     layout_basic, hiddenorc2_lemuel, serial_shops, kennysheep_little_box
D:11:     minmay_blocky_corners, layout_irregular_city, minmay_lair_entry_grove
D:12:     layout_loops_ring
D:13:     layout_basic, grunt_vaults_entry_tiered, basic_altar
D:14:     layout_roguey, minmay_staircase_windowed_large, lightli_wizard_tower

Skill      XL: |  1  2  3  4  5  6  7  8  9 10 11 12 |
---------------+-------------------------------------+-----
Fighting       | 4 5 6 8 9 10 12 | 12.3
Axes           | 4 5 6 8 10 11 13 15 16 | 16.8
Armour         | 3 4 5 7 8 9 11 12 | 12.3
Dodging        | 3 4 5 6 |  6.0
Stealth        | 1 2 3 4 5 |  5.8
Maces & Flails | 1 |  1.0
Short Blades   | |  0.5
Throwing       | |  0.9
Evocations     | |  0.7

Action                   |  1- 3 |  4- 6 |  7- 9 | 10-12 | 13-15 || total
-------------------------+-------+-------+-------+-------+-------++-------
Melee: Hand axe          |    96 |   129 |   317 |     6 |       ||   548
       Headbutt          |    11 |    20 |    59 |    79 |     6 ||   175
       Dagger            |    14 |       |       |       |       ||    14
       War axe           |       |       |    31 |   105 |       ||   136
       Battleaxe         |       |       |       |   344 |    17 ||   361
       Morningstar       |       |       |       |     3 |       ||     3
Throw: Boomerang         |       |       |       |     6 |       ||     6
Invok: Berserk           |     1 |       |     4 |     1 |       ||     6
       Trog's Hand       |       |       |     3 |     3 |       ||     6
       Brothers in Arms  |       |       |       |     3 |       ||     3
Evoke: Wand              |       |       |       |     3 |       ||     3
  Use: Scroll            |       |     7 |     7 |     6 |     1 ||    21
       Potion            |       |     6 |     4 |     3 |       ||    13
 Stab: Sleeping          |     3 |     7 |    10 |    15 |     1 ||    36
Armor: Animal skin       |     8 |       |       |       |       ||     8
       Ring mail         |     9 |       |       |       |       ||     9
       Shadow dragon sca |    46 |   106 |   201 |   416 |    11 ||   780
Dodge: Dodged            |    61 |    78 |   214 |   301 |     9 ||   663
